 Dungeon Crawl Stone Soup version 0.30-a0-1163-gf69bf04e7a (webtiles) character file.

Game seed: 4655320989721436119

2672 Lobster4 the Caller (level 9, -7/53 HPs)
             Began as a Tengu Summoner on Apr 29, 2023.
             Was an Initiate of Gozag.
             Mangled by a sleepcap (20 damage)
             ... on level 7 of the Dungeon.
             The game lasted 00:38:39 (9533 turns).

Lobster4 the Caller (Tengu Summoner)                Turns: 9533, Time: 00:38:40

Health: -7/53      AC:  4    Str: 10    XL:     9   Next: 63%
Magic:  7/17       EV:  2    Int: 19    God:    Gozag
Gold:   572        SH:  0    Dex: 14    Spells: 11/17 levels left

rFire   . . .        v - +7 short sword
rCold   . . .        (no shield)
rNeg    . . .        A - +0 leather armour
rPois   .            (helmet restricted)
rElec   .            d - +0 cloak
rCorr   +            (no gloves)
SInv    .            (boots unavailable)
Will    .....        (no amulet)
Stlth   ++           n - ring of resist corrosion
HPRegen 0.28/turn    (no ring)
MPRegen 0.15/turn

%: no passive effects
@: sleeping, gold aura, flying quickly and evasively, quick
A: beak, talons 3, nimble flight
a: Renounce Religion, Potion Petition, Call Merchant, Bribe Branch


You were on level 7 of the Dungeon.
You worshipped Gozag.
Gozag was pleased with you.
You visited 2 branches of the dungeon, and saw 8 of its levels.
You also visited: Sewer.

You collected 703 gold pieces.
You paid 131 gold pieces to Gozag.

Inventory:

Hand Weapons
 p - a +4 dagger
 v - a +7 short sword (weapon)
 y - a +3 whip
 M - a +2 dagger of venom
Missiles
 j - 13 boomerangs
 l - 30 poisoned darts (quivered)
Armour
 a - a +0 robe
 d - a +0 cloak (worn)
 f - the +1 scale mail of Insurance {rPois Will+}
   (You took it off an orc on level 5 of the Dungeon)

   rPois:     It protects you from poison.
   Will:      It increases your willpower.
 t - the +6 scale mail "Gaani" {Will+ Dex+2}
   (You found it on level 6 of the Dungeon)

   Dex:       It affects your dexterity (+2).
   Will:      It increases your willpower.
 A - a +0 leather armour (worn)
 E - a +2 ring mail of fire resistance
Jewellery
 n - a ring of resist corrosion (left hand)
 N - an amulet of reflection
Wands
 k - a wand of flame (6)
 D - a wand of polymorph (15)
 G - a wand of light (3)
Scrolls
 e - 2 scrolls of butterflies
 i - 2 scrolls of vulnerability
 m - 3 scrolls of amnesia
 q - a scroll of blinking
 r - 3 scrolls of enchant weapon
 s - 2 scrolls of teleportation
 u - a scroll of fog {unknown}
 B - a scroll of fear {unknown}
 J - a scroll of poison
 L - a scroll of identify
Potions
 b - 3 potions of magic
 c - 3 potions of mutation {unknown}
 g - a potion of brilliance {unknown}
 h - 2 potions of curing
 o - 5 potions of flight {unknown}
 w - a potion of ambrosia {unknown}
 x - 2 potions of heal wounds {unknown}
 z - a potion of berserk rage
 C - 3 potions of haste
 F - 3 potions of might {unknown}
 H - 2 potions of resistance
 I - a potion of invisibility
 K - a potion of lignification {unknown}


   Skills:
 + Level 4.8 Fighting
 - Level 3.0 Short Blades
 - Level 2.0 Throwing
 + Level 5.2 Armour
 + Level 5.7 Dodging
 - Level 2.0 Stealth
 + Level 4.8 Spellcasting
 + Level 7.7 Summonings
 - Level 5.0 Air Magic
 - Level 3.0 Evocations


You had 11 spell levels left.
You knew the following spells:

 Your Spells              Type           Power      Damage    Failure   Level
a - Summon Small Mammal   Summ           100%       N/A       1%          1
b - Call Imp              Summ           68%        N/A       1%          2
c - Call Canine Familiar  Summ           34%        N/A       1%          3

Your spell library contained the following spells:

 Spells                   Type           Power      Damage    Failure   Level
 Summon Guardian Golem    Hex/Summ       19%        N/A       11%         3
 Summon Lightning Spire   Summ/Air       28%        N/A       12%         4
 Freeze                   Ice            16%        1d4       17%         1
 Frozen Ramparts          Ice            8%         1d2       45%         3
 Hailstorm                Conj/Ice       4%         3d4       45%         3
 Portal Projectile        Hex/Tloc       8%         N/A       45%         3
 Leda's Liquefaction      Hex/Erth       2%         N/A       86%         4


Dungeon Overview and Level Annotations

Branches:
Dungeon (7/15)             Temple (1/1) D:6           Sewer (visited)

Altars:
Ashenzari
Cheibriados
Dithmenos
Gozag
Hepliaklqana
Kikubaaqudgha
Makhleb
Nemelex Xobeh
Okawaru
Qazlal
Sif Muna
Uskayaw
Wu Jian
Xom
Yredelemnul
Zin
The Shining One

Annotations:
D:2 exclusion: 3 gnolls, Sigmund
D:4 exclusion: 3 lemures, Pikel


Innate Abilities, Weirdness & Mutations

You have a beak for a mouth.
You have claws for feet.
Your magical nature lets you fly swiftly and evasively.


Message History

The iguana is heavily wounded.
Your quokka bites the sleepcap but does no damage.
Your hound bites the iguana.
You closely miss the iguana. You peck the iguana, but do no damage.
The iguana is severely wounded.
Your hound bites the iguana.
The iguana is distracted by your dazzling golden aura.
Your quokka bites the sleepcap.
The sleepcap is distracted by your dazzling golden aura.
Your hound bites the iguana.
The iguana dies!
Training target 3.0 for Short Blades reached!
Your Short Blades skill increases to level 3!
You swap places.
The sleepcap is no longer distracted by gold.
Your quokka bites the sleepcap.
The sleepcap releases spores at your hound.
Your hound bites the sleepcap but does no damage.
You see here 5 gold pieces.
Your quokka bites the sleepcap but does no damage.
Your hound bites the sleepcap but does no damage.
The sleepcap releases spores at your hound!
Your hound is engulfed in a cloud of soporific spores!
Your quokka bites the sleepcap but does no damage.
Your hound bites the sleepcap but does no damage.
Your quokka bites the sleepcap but does no damage.
The sleepcap is distracted by your dazzling golden aura.
Your hound bites the sleepcap.
The sleepcap is no longer distracted by gold.
Your quokka bites the sleepcap.
Your quokka bites the sleepcap but does no damage.
Your hound bites the sleepcap.
The sleepcap releases spores at you.
* * * LOW HITPOINT WARNING * * *
You are engulfed in a cloud of soporific spores!
You fall asleep.
Your quokka bites the sleepcap but does no damage.
Your quokka bites the sleepcap.
Your hound bites the sleepcap.
The sleepcap releases spores at you!!
You die...
Your body crumbles into a pile of gold.

########## .........#
########.####### #####h#.....#
###......♣♣♣♣.####
#......♣♣♣..♣$...#
#.###.###♣♣♣....@h.#.# #.....#
♣[.....fr$#.#
#####.###♣♣♣...$'r.... $
#......♣♣♣..♣#...... ###.#.##.#
♣♣♣ ##...## ##...#....#
...########### #..#####..# #
.............# ##....#...### ##.
...##.######.#
....#.#.#........###.###.######.#


You could see a sleepcap (ally target), a friendly hound (summoned) and 2
friendly quokkas.

Vanquished Creatures
  Prince Ribbit (D:5)
  An orc warrior (D:6)
  2 wights (D:6)
  3 orc priests
  A gnoll bouda (D:7)
  An orc wizard (D:7)
  2 iguanas (D:6)
  3 gnolls (D:7)
  5 adders
  5 river rats (Sewer)
  An ufetubus (D:6)
  A worm (D:3)
  A dart slug (D:4)
  5 orcs
  4 ball pythons
  3 endoplasms
  4 goblins
  A hobgoblin (D:3)
  A quokka (D:2)
  3 bats (D:2)
  5 frilled lizards
  4 kobolds
  4 rats
61 creatures vanquished.

Vanquished Creatures (collateral kills)
  Grinder (D:5)
  A steam dragon (D:7)
  A water moccasin (D:7)
  An orc warrior (D:7)
  3 ogres
  2 black bears
  3 kobold brigands (Sewer)
  Blork the orc (D:4)
  2 bullfrogs (D:7)
  A scorpion (D:4)
  3 wights (D:6)
  A jelly (D:6)
  An orc priest (D:4)
  4 iguanas
  An orc wizard (D:7)
  A gnoll (D:7)
  4 river rats (Sewer)
  5 adders
  2 shadow imps
  2 worms
  16 orcs
  10 ball pythons
  A bat (D:1)
  4 endoplasms
  3 giant cockroaches (D:1)
  4 goblins
  3 hobgoblins
  2 jackals (D:5)
  15 kobolds
  A quokka (D:1)
  A frilled lizard (D:3)
  15 rats
115 creatures vanquished.

Vanquished Creatures (others)
  A plant (D:2)
1 creature vanquished.

Grand Total: 177 creatures vanquished

Notes
Turn   | Place    | Note
-------+----------+-------------------------------------------
     0 | D:1      | Lobster4 the Tengu Summoner began the quest for the Orb.
     0 | D:1      | Reached XP level 1. HP: 10/10 MP: 4/4
   163 | D:1      | Reached XP level 2. HP: 16/16 MP: 6/6
   216 | D:1      | Learned a level 2 spell: Call Imp
   232 | D:1      | Reached skill level 5 in Summonings
   460 | D:1      | Reached skill level 1 in Armour
   590 | D:1      | Reached XP level 3. HP: 18/20 MP: 4/7
   798 | D:2      | Reached skill level 1 in Fighting
  1077 | D:2      | Found a faded altar of an unknown god.
  1546 | D:2      | Noticed Sigmund
  2276 | D:3      | Reached XP level 4. HP: 25/25 MP: 3/8
  2592 | D:3      | Found a hide-covered altar of Uskayaw.
  3620 | D:4      | Learned a level 3 spell: Call Canine Familiar
  3735 | D:4      | Noticed a scorpion
  3745 | D:4      | Killed a scorpion
  3746 | D:4      | Reached skill level 1 in Air Magic
  3746 | D:4      | Gained mutation: Your magical nature lets you fly swiftly
                  | and evasively. [Tengu growth]
  3746 | D:4      | Reached XP level 5. HP: 17/30 MP: 7/10
  3857 | D:4      | Noticed Blork the orc
  3870 | D:4      | Killed Blork the orc
  3871 | D:4      | Reached XP level 6. HP: 35/35 MP: 4/11
  3950 | D:4      | Noticed Pikel
  4539 | D:5      | Entered Level 5 of the Dungeon
  4591 | D:5      | Noticed Grinder
  4653 | D:4      | Reached skill level 6 in Summonings
  4653 | D:4      | Reached XP level 7. HP: 13/40 MP: 6/12
  4776 | D:5      | Found a glowing drain.
  4785 | Sewer    | Entered a sewer
  5376 | Sewer    | Reached skill level 1 in Throwing
  5468 | Sewer    | Reached skill level 1 in Evocations
  5717 | D:5      | Found an ancient bone altar of Kikubaaqudgha.
  5822 | D:5      | Identified the +1 scale mail of Insurance {rPois Will+}
  5945 | D:5      | Reached XP level 8. HP: 42/46 MP: 7/14
  6098 | D:5      | Paralysed by Grinder for 5 turns
  6343 | D:5      | Found a glowing golden altar of the Shining One.
  6544 | D:5      | Killed Grinder
  6545 | D:5      | Reached skill level 1 in Short Blades
  6665 | D:5      | Noticed Prince Ribbit
  6744 | D:5      | Killed Prince Ribbit
  6892 | D:6      | Found a staircase to the Ecumenical Temple.
  6901 | Temple   | Entered the Ecumenical Temple
  6935 | Temple   | Became a worshipper of Gozag Ym Sagoz the Greedy
  7109 | D:6      | Found a stormy altar of Qazlal.
  7133 | D:6      | Identified the +6 scale mail "Gaani" {Will+ Dex+2}
  7255 | D:6      | Found a shimmering blue altar of Sif Muna.
  7692 | D:6      | Reached skill level 7 in Summonings
  7866 | D:6      | Reached skill level 5 in Dodging
  7873 | D:6      | Reached XP level 9. HP: 52/52 MP: 4/16
  8535 | D:7      | Found a sparkling altar of Nemelex Xobeh.
  8570 | D:7      | Found an ornate altar of the Wu Jian Council.
  8655 | D:7      | Reached skill level 5 in Air Magic
  9106 | D:7      | Found a broken altar of Ashenzari.
  9338 | D:7      | Reached skill level 5 in Armour
  9533 | D:7      | Mangled by a sleepcap

Illustrated notes

Levels and vault maps discovered:
D:1:      kennysheep_arrival_forest, layout_rooms, glass_columns_a
D:2:      layout_basic, nicolae_ecumenical_snake_handling, serial_forest,
          infiniplex_forest_straight_2, infiniplex_forest_corner_1,
          infiniplex_forest_straight_3, infiniplex_forest_straight_4,
          infiniplex_forest_lined_room_2, infiniplex_forest_clump_long,
          infiniplex_forest_3_way, infiniplex_forest_lined_3, dk_vineyard_1,
          st_stairs_6, minmay_close_crescents, uniq_sigmund
D:3:      layout_basic, nicolae_overflow_hidden_temple
D:4:      layout_loops_ring, uniq_blork_the_orc, uniq_pikel
D:5:      layout_loops_ring, nicolae_tso_swordbearing_angel,
          amcnicky_altar_gilded, cheibrodos_sewer_entry_bend,
          minmay_misc_feat_doors, chequers_decorated_corner, uniq_grinder,
          uniq_prince_ribbit1
D:6:      layout_gridville, led_sif_pool, mainiacjoe_overflow_cross_hatched,
          minmay_temple_entry_water_ring, kennysheep_small_circle
D:7:      layout_loops_ring, mainiacjoe_overflow_paths, evilmike_ruin_ashenzari,
          nemelex_xobeh_ov_fountains_minmay, hellmonk_no_cap
Temple:   nicolae_temple_ecumenical_triangle

Skill      XL: |  1  2  3  4  5  6  7  8  9 |
---------------+----------------------------+-----
Summonings     | 5 6 7 |  7.7
Armour         | 1 2 3 4 5 |  5.2
Fighting       | 1 2 3 4 |  4.8
Dodging        | 3 4 5 |  5.7
Air Magic      | 1 2 3 4 5 |  5.0
Spellcasting   | 3 4 |  4.8
Throwing       | 1 2 |  2.0
Evocations     | 1 2 3 |  3.0
Short Blades   | 2 3 |  3.0
Stealth        | |  2.0

Action                     |  1- 3 |  4- 6 |  7- 9 || total
---------------------------+-------+-------+-------++-------
  Melee: Unarmed           |    13 |       |       ||    13
         Peck              |     4 |     4 |    21 ||    29
         Kick              |    11 |     8 |    30 ||    49
         Dagger            |     5 |       |    85 ||    90
         Short sword       |    20 |       |    26 ||    46
         Whip              |     2 |    24 |    11 ||    37
         Punch             |       |       |     1 ||     1
  Throw: Dart              |       |       |    12 ||    12
   Cast: Summon Small Mamm |    45 |    32 |    91 ||   168
         Call Imp          |    13 |    13 |    41 ||    67
         Call Canine Famil |       |     6 |    56 ||    62
  Evoke: Wand              |       |       |     8 ||     8
    Use: Scroll            |       |     9 |     6 ||    15
         Potion            |       |       |     4 ||     4
   Stab: Sleeping          |     1 |     1 |       ||     2
         Distracted        |       |     3 |       ||     3
 Armour: Robe              |    13 |     1 |    10 ||    24
         Leather armour    |       |       |     9 ||     9
  Dodge: Dodged            |    26 |    13 |   130 ||   169

Table legend: (Time is in decaauts)
 A = Elapsed time spent in this place.
 B = Non-inter-level travel time spent in this place.
 C = Inter-level travel time spent in this place.
 D = Time resting spent in this place.
 E = Time spent auto-exploring this place.
 F = Levels seen in this place.
 G = Mean time per level.
                   A        B        C        D        E       F      G
               +--------+--------+--------+--------+--------+-----+--------+
         Total |   9205 |   8819 |    386 |    855 |   5754 |   9 | 1022.8 |
       Dungeon |   8347 |   7963 |    384 |    607 |   5448 |   7 | 1192.4 |
        Temple |     39 |     38 |      1 |      0 |      0 |   1 |   39.0 |
         Sewer |    818 |    818 |      0 |    248 |    305 |   1 |  818.0 |
               +--------+--------+--------+--------+--------+-----+--------+

Top non-repeatable levels by time:
     D:6: 1471 daAuts
     D:3: 1415 daAuts
     D:2: 1401 daAuts
     D:5: 1190 daAuts
     D:4: 1130 daAuts
     D:7: 945 daAuts
   Sewer: 818 daAuts
     D:1: 793 daAuts
  Temple: 39 daAuts
